 Dungeon Crawl Stone Soup version 0.29-a0-337-g68df138881 (webtiles) character file.

Game seed: 9342098430929870255

70 solidslater the Magician (level 4, -1/31 HPs)
             Began as a Djinni Hedge Wizard on Apr 16, 2022.
             Shot with an arrow by a centaur (10 damage)
             ... on level 3 of the Dungeon.
             The game lasted 00:09:07 (2816 turns).

solidslater the Magician (Djinni Hedge Wizard)      Turns: 2816, Time: 00:09:09

Health: -1/31      AC:  3    Str:  9    XL:     4   Next: 45%
Gold:   94         EV: 12    Int: 17    God:
                   SH:  5    Dex: 13

rFire   + + .      SeeInvis .   n - +2 falchion (elec)
rCold   x . .      Faith    .   (no shield)
rNeg    . . .      Spirit   .   b - +0 robe
rPois   ∞          Reflect  +   c - +0 hat
rElec   .          Harm     .   o - +0 cloak
rCorr   .          Rampage  .   (no gloves)
Will    .....                   (boots unavailable)
Stlth   ++........              i - amulet of reflection
HPRegen 0.10/turn               (no ring)
MPRegen 0.00/turn               (no ring)

@: flying
A: sickness immunity, fire resistance 2, cold vulnerability 1, float, innate
caster, HP casting, extra vitality 1
a: no special abilities


You were on level 3 of the Dungeon.
You visited 1 branch of the dungeon, and saw 3 of its levels.

You collected 94 gold pieces.

Inventory:

Hand Weapons
 n - a +2 falchion of electrocution (weapon)
Armour
 b - a +0 robe (worn)
 c - a +0 hat (worn)
 o - a +0 cloak (worn)
Jewellery
 i - an amulet of reflection (around neck)
Scrolls
 f - a scroll of blinking
 j - 2 scrolls of enchant armour
 l - 2 scrolls of identify
 m - a scroll of holy word
Potions
 a - a potion of heal wounds
 d - a potion of curing
 e - a potion of haste
 g - a potion of degeneration {unknown}
 h - a potion of lignification
 k - a potion of attraction
 p - a potion of flight {unknown}


   Skills:
 + Level 0.4(0.5) Short Blades
 + Level 0.1(0.3) Long Blades
 + Level 2.8 Dodging
 + Level 2.1 Stealth
 + Level 3.2 Spellcasting


You couldn't memorise any spells.
You knew the following spells:

 Your Spells              Type           Power      Damage    Failure   Level
a - Magic Dart            Conj           52%        1d5       4%          1
b - Blink                 Tloc           26%        N/A       7%          2
c - Call Imp              Summ           13%        N/A       7%          2
d - Slow                  Hex            52%        N/A       4%          1
e - Conjure Flame         Conj/Fire      13%        6-21      13%         3
f - Mephitic Cloud        Conj/Pois/Air  13%        N/A       13%         3
g - Animate Skeleton      Necr           26%        N/A       4%          1
Your spell library was empty.

Dungeon Overview and Level Annotations

Branches:
Dungeon (3/15)

Altars:
Sif Muna
Beogh

Annotations:
D:3 Terence


Innate Abilities, Weirdness & Mutations

You are immune to sickness and miasma.
You are immune to poison.
Your flesh is very heat resistant. (rF++)
You are vulnerable to cold. (rC-)
You float through the air rather than walking.
You learn spells naturally, not from books.
Your magical power is your life essence.
You have superior vitality. (+4 MHP)


Message History

You block the giant cockroach's attack.
Casting: Magic Dart (safe; 4% risk of failure)
Confirm with . or Enter, or press ? or * to list all spells.
A beastly little devil appears in a puff of frigid air.
You block the giant cockroach's attack.
Your white imp gestures at the giant cockroach.
The puff of frost hits the giant cockroach!
The giant cockroach dies!
The kobold throws a stone.
The stone hits you but does no damage.
Found a stone staircase leading up.
Terence and a centaur come into view.
Terence is wielding a +0 mace and wearing a +1 scale mail of willpower.
Found 12 gold pieces.
Casting: Call Imp (safe; 7% risk of failure)
Confirm with . or Enter, or press ? or * to list all spells.
Aiming: Magic Dart (safe; 4% risk of failure)
Press: ? - help, Shift-Dir - straight line, f - kobold
Aim: a kobold, wielding a +0 dagger and quivering stones (100% to hit)
The magic dart hits the kobold but does no damage.
Casting: Magic Dart (safe; 4% risk of failure)
Confirm with . or Enter, or press ? or * to list all spells.
Aiming: Magic Dart (safe; 4% risk of failure)
Press: ? - help, Shift-Dir - straight line, f/p - kobold
Aim: a kobold, wielding a +0 dagger and quivering stones (ally target, 100% to hit)
The magic dart hits the kobold.
The kobold is moderately wounded.
The centaur wields a +0 shortbow.
The centaur shoots an arrow.
The arrow hits you!
Your white imp hits the kobold.
The kobold dies!
The centaur shoots an arrow.
The arrow hits you.
Casting: Magic Dart (safe; 4% risk of failure)
Confirm with . or Enter, or press ? or * to list all spells.
Aiming: Magic Dart (safe; 4% risk of failure)
Press: ? - help, Shift-Dir - straight line, f - centaur
Aim: a centaur, wielding a +0 shortbow (100% to hit)
The magic dart hits the centaur.
The centaur is lightly wounded.
* * * LOW HITPOINT WARNING * * *
The centaur shoots an arrow.
The arrow hits you!
You die...

.###. .....#
................##
.....##..##........!
...#............##..
@.........#..!.....##
..........$.........
.<...>....†...>...# .
........)5...#.#..##..
.......@............ .
...............)#.# ...
......(.[.........#....
...!......#..#......#
.c....###.##.#.....##
.....# #.##...##......
..... #....#.# .....
$.... ##..##.## .#.#
.##.##...## ...


You could see a centaur (ally target), Terence (asleep) and a friendly white imp
(summoned).

Vanquished Creatures
  2 adders (D:2)
  6 dart slugs
  4 ball pythons (D:2)
  An endoplasm (D:1)
  2 giant cockroaches
  2 goblins
  2 hobgoblins
  A kobold (D:1)
  2 bats
  4 frilled lizards
  3 rats
29 creatures vanquished.

Vanquished Creatures (collateral kills)
  2 worms
  An endoplasm (D:2)
  2 giant cockroaches
  A hobgoblin (D:2)
  A frilled lizard (D:2)
  A kobold (D:3)
8 creatures vanquished.

Grand Total: 37 creatures vanquished

Notes
Turn   | Place    | Note
-------+----------+-------------------------------------------
     0 | D:1      | solidslater the Djinni Hedge Wizard began the quest for the
                  | Orb.
     0 | D:1      | Reached XP level 1. HP: 15/15 MP: 0/0
   378 | D:1      | Reached XP level 2. HP: 18/21 MP: 0/0
   894 | D:1      | Reached XP level 3. HP: 12/25 MP: 0/0
   894 | D:1      | Learned a level 1 spell: Animate Skeleton
  1091 | D:1      | Found a faded altar of an unknown god.
  1240 | D:1      | Reached skill level 3 in Spellcasting
  1956 | D:2      | Reached XP level 4. HP: 12/31 MP: 0/0
  2813 | D:3      | Noticed Terence
  2813 | D:3      | Noticed a centaur
  2816 | D:3      | Shot with an arrow by a centaur

Illustrated notes

Levels and vault maps discovered:
D:1:      dpeg_arrival_brainrot, layout_basic,
          hellmonk_ecumenical_altar_defaced_shrine
D:2:      layout_rooms, st_stairs_11
D:3:      layout_rooms, mainiacjoe_overflow_small_starburst, lemuel_round_altar,
          uniq_terence

Skill      XL: |  1  2  3 |
---------------+----------+-----
Stealth        | 2 |  2.1
Spellcasting   | 3 |  3.2
Short Blades   | |  0.4
Long Blades    | |  0.1
Dodging        | |  2.8

Action                   |  1- 3 |  4- 6 || total
-------------------------+-------+-------++-------
Melee: Dagger            |     6 |       ||     6
       Falchion          |     5 |     7 ||    12
 Cast: Magic Dart        |    60 |    16 ||    76
       Call Imp          |     3 |     3 ||     6
       Animate Skeleton  |     3 |     2 ||     5
  Use: Scroll            |       |    10 ||    10
Armor: Robe              |     1 |     4 ||     5
Dodge: Dodged            |    13 |     7 ||    20
Block: Other             |       |     4 ||     4

Table legend: (Time is in decaauts)
 A = Elapsed time spent in this place.
 B = Non-inter-level travel time spent in this place.
 C = Inter-level travel time spent in this place.
 D = Time resting spent in this place.
 E = Time spent auto-exploring this place.
 F = Levels seen in this place.
 G = Mean time per level.
                   A        B        C        D        E       F      G
               +--------+--------+--------+--------+--------+-----+--------+
         Total |   2818 |   2767 |     51 |      0 |   2417 |   3 |  939.3 |
       Dungeon |   2818 |   2767 |     51 |      0 |   2417 |   3 |  939.3 |
               +--------+--------+--------+--------+--------+-----+--------+

Top non-repeatable levels by time:
     D:1: 1587 daAuts
     D:2: 1183 daAuts
     D:3: 47 daAuts
